 Dungeon Crawl Stone Soup version 0.29-a0-925-g0a7a3d12f8 (webtiles) character file.

Game seed: 404154261619253812

6831 freelancePsychic the Basher (level 10, -16/86 HPs)
             Began as a Demigod Warper on July 29, 2022.
             Demolished by a minotaur
             ... wielding a +1 vorpal battleaxe
              (38 damage)
             ... in a Gauntlet.
             The game lasted 00:18:26 (11976 turns).

freelancePsychic the Basher (Demigod Warper)       Turns: 11976, Time: 00:18:26

Health: -16/86     AC:  6    Str: 12      XL:     10   Next: 49%
Magic:  15/15      EV: 10    Int: 27      God:
Gold:   597        SH: 10    Dex: 12 (13) Spells: 12/12 levels left

rFire   + . .      SeeInvis .   l - +9 whip of Leronwiu {vorpal, rF+}
rCold   . . .      Faith    .   n - +0 kite shield
rNeg    . . .      Spirit   .   y - +1 leather armour {rPois}
rPois   +          Reflect  .   g - +0 helmet
rElec   .          Harm     .   j - +0 cloak
rCorr   .          Rampage  .   (no gloves)
Will    ++...      NoTele   +   (no boots)
Stlth   +.........              a - amulet of magic regeneration
HPRegen 0.24/turn               k - ring of willpower
MPRegen 0.54/turn               (no ring)

@: no status effects
A: high MP 1, forlorn, divine attributes
a: no special abilities


You were in a Gauntlet.
You visited 2 branches of the dungeon, and saw 11 of its levels.
You also visited: Gauntlet.

You collected 597 gold pieces.

Inventory:

Hand Weapons
 l - the +9 whip of Leronwiu (weapon) {vorpal, rF+}
   (You found it on level 2 of the Dungeon)

   It inflicts extra damage upon your enemies.
   rF:        It protects you from fire.
Missiles
 d - a boomerang of dispersal (quivered)
 e - 8 poisoned darts
 s - a boomerang
 w - 5 javelins
 I - a curare-tipped dart
Armour
 g - a +0 helmet (worn)
 j - a +0 cloak (worn)
 n - a +0 kite shield (worn)
 t - the +1 pair of boots of the Earth {rElec rF- Str+9 Dex-3}
   (You found it in a Gauntlet)

   Str:       It affects your strength (+9).
   Dex:       It affects your dexterity (-3).
   rF:        It makes you vulnerable to fire.
   rElec:     It insulates you from electricity.
 x - +0 steam dragon scales
 y - a +1 leather armour of poison resistance (worn)
Jewellery
 a - an amulet of magic regeneration (around neck)
 h - an amulet of the acrobat
 k - a ring of willpower (left hand)
 u - the ring of Gijyghonn {rC+ Will+ Str-5 Stlth+}
   (You found it in a Gauntlet)

   [ring of willpower]

   Str:       It affects your strength (-5).
   rC:        It protects you from cold.
   Will:      It increases your willpower.
   Stlth:     It makes you more stealthy.
 F - an amulet of guardian spirit
Wands
 p - a wand of charming (3)
 B - a wand of flame (17)
Scrolls
 b - a scroll of poison
 c - a scroll of blinking
 f - a scroll of magic mapping
 m - 2 scrolls of brand weapon
 o - 2 scrolls of noise
 q - 3 scrolls of enchant armour
 D - a scroll of enchant weapon
Potions
 i - a potion of magic
 r - a potion of brilliance {unknown}
 v - a potion of degeneration
 A - a potion of berserk rage {unknown}
 C - a potion of flight {unknown}
 E - a potion of attraction
 G - a potion of mutation {unknown}
 H - a potion of haste {@q3}


   Skills:
 + Level 7.6 Fighting
 * Level 10.3 Maces & Flails
 - Level 2.4 Polearms
 - Level 2.7 Throwing
 - Level 0.8 Armour
 - Level 1.7 Dodging
 + Level 7.6 Shields
 - Level 1.7 Spellcasting
 - Level 2.6 Translocations


You had 12 spell levels left.
You didn't know any spells.
Your spell library contained the following spells:

 Spells                   Type           Power      Damage    Failure   Level
 Blink                    Tloc           32%        N/A       16%         2
 Necrotise                Necr           8%         1d4       32%         1
 Slow                     Hex            8%         N/A       32%         1
 Gell's Gravitas          Tloc           16%        N/A       32%         3
 Lesser Beckoning         Tloc           16%        N/A       32%         3
 Teleport Other           Tloc           16%        N/A       32%         3
 Ensorcelled Hibernation  Hex/Ice        4%         N/A       43%         2
 Portal Projectile        Hex/Tloc       18%        N/A       50%         3
 Confusing Touch          Hex            2%         N/A       67%         3
 Frozen Ramparts          Ice            4%         1d2       67%         3
 Spider Form              Tmut/Pois      2%         N/A       67%         3
 Tukima's Dance           Hex            2%         N/A       67%         3
 Vampiric Draining        Necr           2%         2d6       67%         3
 Manifold Assault         Tloc           16%        N/A       96%         5
 Anguish                  Hex/Necr       1%         N/A       97%         4
 Ice Form                 Ice/Tmut       2%         N/A       97%         4
 Summon Ice Beast         Ice/Summ       2%         N/A       97%         4
 Agony                    Necr           2%         N/A       100%        5
 Blade Hands              Tmut           1%         N/A       100%        5


Dungeon Overview and Level Annotations

Branches:
Dungeon (10/15)            Temple (0/1) D:7            Lair (1/5) D:10
    Orc (0/2) D:10        Gauntlet (1/1)

Shops:
D:7 *

Annotations:
D:8 Erica
D:10 2 transporters Gauntlet 8 transporters, 21 runed translucent doors


Innate Abilities, Weirdness & Mutations

You have an increased reservoir of magic. (+10% MP)
You shall have no god before yourself.
Your divine heritage dramatically boosts your attributes as you level up.


Message History

Okay, then.
A minotaur comes into view. It is wielding a +1 vorpal battleaxe.
The minotaur bellows!
The minotaur drinks a potion.
The minotaur seems to speed up.
Really read the scroll of immolation?
As you read the scroll of immolation, it crumbles to dust.
The creatures around you are filled with an inner flame!
Throw: 5 boomerangs (disperse)
Press: ? - help, Q - select action, (/) - cycle Shift-Dir - straight line, f - minotaur
Aim: a minotaur, wielding a +1 vorpal battleaxe, wearing a +0 plate armour and quivering javelins (fast, inner flame, 76% to hit)
You throw a boomerang of dispersal.
The boomerang of dispersal hits the minotaur but does no damage.
The minotaur throws a javelin.
The javelin pierces through you!!
Throw: 4 boomerangs (disperse)
Press: ? - help, Q - select action, (/) - cycle Shift-Dir - straight line, f/p - minotaur
Aim: a minotaur, wielding a +1 vorpal battleaxe, wearing a +0 plate armour and quivering javelins (fast, inner flame, 76% to hit)
You throw a boomerang of dispersal.
The boomerang of dispersal hits the minotaur.
Flame seeps out of the minotaur.
The minotaur blinks!
The minotaur is lightly wounded.
Throw: 3 boomerangs (disperse)
Press: ? - help, Q - select action, (/) - cycle Shift-Dir - straight line, f/p - minotaur
Aim: a minotaur, wielding a +1 vorpal battleaxe, wearing a +0 plate armour and quivering javelins (flame, lightly wounded, fast, inner flame, 76% to hit)
You throw a boomerang of dispersal.
The boomerang of dispersal hits the minotaur but does no damage.
The minotaur is lightly wounded.
The minotaur is engulfed in blazing flames.
Flame seeps out of the minotaur.
You block the minotaur's attack. x2
Throw: 2 boomerangs (disperse)
Press: ? - help, Q - select action, (/) - cycle Shift-Dir - straight line, f/p - minotaur
Aim: a minotaur, wielding a +1 vorpal battleaxe, wearing a +0 plate armour and quivering javelins (lightly wounded, fast, inner flame, 76% to hit)
You throw a boomerang of dispersal.
The boomerang of dispersal hits the minotaur but does no damage.
The minotaur is lightly wounded.
The minotaur hits you with a +1 vorpal battleaxe!!
* * * LOW HITPOINT WARNING * * *
The minotaur gores you.
* * * LOW HITPOINT WARNING * * *
The minotaur hits you with a +1 vorpal battleaxe!!!
You die...

#########
#........ #@H#
##.#°..... #..#
##.## #.## #.#
#.# #.# ### #.#
#.#
#.###########.#


You could see a minotaur (fast, inner flame).

Vanquished Creatures
  A hydra (Gauntlet)
  4 wyverns
  A wraith (D:10)
  A shadow (D:10)
  2 steam dragons
  7 yaks
  A basilisk (D:10)
  Menkaure (D:6)
  Duvessa (D:4)
  2 acid dragons
  2 water moccasins
  An orc warrior (D:9)
  4 black bears
  An ogre (D:7)
  2 centaurs (D:5)
  A phantom (D:5)
  A kobold brigand (D:6)
  A necrophage (D:6)
  2 bullfrogs (D:7)
  2 gnoll sergeants
  4 scorpions
  A wyvern zombie (D:6)
  5 wights
  A water moccasin zombie (D:6)
  Dowan (D:4)
  6 killer bees (D:9)
  3 howler monkeys (D:8)
  3 bullfrog zombies (D:6)
  2 hounds
  2 gnoll boudas
  2 centaur zombies (D:6)
  2 orc priests
  A jelly (D:8)
  3 iguanas
  3 orc wizards
  16 gnolls
  6 adders
  2 shadow imps
  2 white imps
  An ufetubus (D:7)
  A dart slug (D:2)
  13 orcs
  9 ball pythons
  5 endoplasms
  3 giant cockroaches
  7 goblins
  4 hobgoblins
  3 jackals (D:2)
  8 kobolds
  3 quokkas
  4 bats
  4 frilled lizards
  6 rats
174 creatures vanquished.

Vanquished Creatures (collateral kills)
  A torpor snail (Gauntlet)
1 creature vanquished.

Vanquished Creatures (others)
  3 fungi (Gauntlet)
  17 plants
20 creatures vanquished.

Grand Total: 195 creatures vanquished

Notes
Turn   | Place    | Note
-------+----------+-------------------------------------------
     0 | D:1      | freelancePsychic the Demigod Warper began the quest for the
                  | Orb.
     0 | D:1      | Reached XP level 1. HP: 17/17 MP: 5/5
    44 | D:1      | Reached skill level 1 in Throwing
   255 | D:1      | Reached XP level 2. HP: 24/24 MP: 7/7
   948 | D:2      | Identified the +9 whip of Leronwiu {vorpal, rF+}
  1115 | D:2      | Reached XP level 3. HP: 26/29 MP: 8/8
  1629 | D:2      | Reached skill level 1 in Maces & Flails
  1683 | D:3      | Reached skill level 1 in Shields
  1999 | D:3      | Noticed a scorpion
  2009 | D:3      | Killed a scorpion
  2010 | D:3      | Reached skill level 2 in Maces & Flails
  2010 | D:3      | Reached XP level 4. HP: 29/37 MP: 9/9
  2078 | D:3      | You fall into a shaft and drop 3 floors!
  2158 | D:6      | Noticed a black bear
  2346 | D:5      | Entered Level 5 of the Dungeon
  2346 | D:5      | Noticed a centaur
  2410 | D:6      | Killed a black bear
  2411 | D:6      | Reached XP level 5. HP: 44/44 MP: 10/10
  2702 | D:6      | Reached XP level 6. HP: 51/51 MP: 11/11
  2763 | D:6      | Reached skill level 3 in Maces & Flails
  4058 | D:4      | Noticed Dowan
  4062 | D:4      | Noticed Duvessa
  4097 | D:4      | Killed Duvessa
  4098 | D:4      | Reached skill level 4 in Maces & Flails
  4098 | D:4      | Reached XP level 7. HP: 46/57 MP: 12/12
  4102 | D:4      | Killed Dowan
  4786 | D:5      | Reached skill level 5 in Maces & Flails
  5289 | D:6      | Reached XP level 8. HP: 62/67 MP: 13/13
  5468 | D:6      | Reached skill level 6 in Maces & Flails
  5728 | D:6      | Noticed Menkaure
  5739 | D:6      | Reached skill level 5 in Shields
  5741 | D:6      | Killed Menkaure
  5742 | D:6      | Reached skill level 5 in Fighting
  6361 | D:7      | Reached skill level 7 in Maces & Flails
  6420 | D:7      | Found Kuimuwi's Elemental Accessories.
  6616 | D:7      | Identified the +3 mace "Bojuhon" {speed, *Corrode rElec
                  | Stlth+}
  6850 | D:7      | Reached XP level 9. HP: 46/74 MP: 14/14
  6983 | D:7      | Found a staircase to the Ecumenical Temple.
  7278 | D:8      | Noticed Erica
  7701 | D:8      | Reached skill level 8 in Maces & Flails
  9253 | D:9      | Reached skill level 9 in Maces & Flails
  9685 | D:9      | Reached XP level 10. HP: 62/84 MP: 15/15
  9930 | D:10     | Entered Level 10 of the Dungeon
 10078 | D:10     | Found a staircase to the Orcish Mines.
 10497 | D:10     | Found a staircase to the Lair.
 10522 | D:10     | Noticed a death yak
 11159 | D:10     | Noticed a white ugly thing
 11160 | D:10     | Found a transporter.
 11160 | D:10     | Noticed a green ugly thing
 11162 | D:10     | Noticed a white very ugly thing
 11164 | D:10     | Noticed a red ugly thing
 11166 | D:10     | Found a transporter.
 11438 | Lair:1   | Entered Level 1 of the Lair of Beasts
 11461 | Lair:1   | Found a gate leading to a gauntlet.
 11490 | Gauntlet | Entered a Gauntlet
 11490 | Gauntlet | Noticed a death yak
 11490 | Gauntlet | Found a transporter.
 11492 | Gauntlet | Noticed a death yak
 11493 | Gauntlet | Noticed a necromancer
 11494 | Gauntlet | Noticed a death yak
 11496 | Gauntlet | Noticed a white ugly thing
 11499 | Gauntlet | Noticed a death yak
 11573 | Gauntlet | Noticed a glowing orange brain
 11591 | Gauntlet | Found a transporter.
 11592 | Gauntlet | Found a transporter.
 11593 | Gauntlet | Found a transporter.
 11596 | Gauntlet | Found a transporter.
 11597 | Gauntlet | Found a transporter.
 11598 | Gauntlet | Found a large runed translucent door.
 11599 | Gauntlet | Found a large runed translucent door.
 11600 | Gauntlet | Found a large runed translucent door.
 11600 | Gauntlet | Found a large runed translucent door.
 11600 | Gauntlet | Found a runed translucent door.
 11601 | Gauntlet | Found a large runed translucent door.
 11602 | Gauntlet | Found a large runed translucent door.
 11603 | Gauntlet | Found a large runed translucent door.
 11603 | Gauntlet | Found a large runed translucent door.
 11604 | Gauntlet | Found a runed translucent door.
 11604 | Gauntlet | Found a runed translucent gate.
 11604 | Gauntlet | Found a runed translucent gate.
 11604 | Gauntlet | Found a runed translucent gate.
 11604 | Gauntlet | Noticed a sixfirhy
 11606 | Gauntlet | Found a transporter.
 11606 | Gauntlet | Noticed a white ugly thing
 11606 | Gauntlet | Noticed a great orb of eyes
 11607 | Gauntlet | Noticed a sixfirhy
 11613 | Gauntlet | Found a transporter.
 11613 | Gauntlet | Noticed a sixfirhy
 11626 | Gauntlet | Found a transporter.
 11626 | Gauntlet | Noticed a seven-headed hydra
 11634 | Gauntlet | Found a transporter.
 11634 | Gauntlet | Found a transporter.
 11634 | Gauntlet | Noticed a dire elephant
 11634 | Gauntlet | Noticed an elephant
 11635 | Gauntlet | Noticed an elephant
 11636 | Gauntlet | Noticed an elephant
 11642 | Gauntlet | Found a transporter.
 11668 | Gauntlet | Noticed a torpor snail
 11712 | Gauntlet | Found a large runed translucent door.
 11713 | Gauntlet | Found a large runed translucent door.
 11720 | Gauntlet | Found a large runed translucent door.
 11721 | Gauntlet | Found a large runed translucent door.
 11722 | Gauntlet | Found a large runed translucent door.
 11722 | Gauntlet | Found a large runed translucent door.
 11723 | Gauntlet | Found a large runed translucent door.
 11724 | Gauntlet | Found a large runed translucent door.
 11805 | Gauntlet | Identified the ring of Gijyghonn {rC+ Will+ Str-5 Stlth+}
 11816 | Gauntlet | Identified the +1 pair of boots of the Earth {rElec rF-
                  | Str+9 Dex-3}
 11822 | Gauntlet | Killed a seven-headed hydra
 11823 | Gauntlet | Reached skill level 10 in Maces & Flails
 11827 | Gauntlet | Killed a torpor snail
 11971 | Gauntlet | Noticed a minotaur
 11976 | Gauntlet | Demolished by a minotaur

Illustrated notes

Levels and vault maps discovered:
D:1:      dpeg_arrival_houses_and_road, layout_basic,
          ebering_ecumenical_altar_webs, minivault_14
D:2:      layout_basic, basic_altar, hex_large, serial_bayou_lagoon_b
D:3:      layout_basic, nicolae_dithmenos_shadow_blocks
D:4:      layout_basic, mainiacjoe_overflow_catch_the_wave, minmay_circle_x,
          uniq_duvessa
D:5:      layout_rooms, overflow_temple_1_default
D:6:      layout_loops_corners, nicolae_yredelemnul_corpse_copse, uniq_menkaure
D:7:      layout_loops_ring, nemelex_xobeh_ov_fountains_minmay,
          mainiacjoe_overflow_six_doors_small, minmay_temple_entry_proselytizer,
          roderic_roman_lattice, nicolae_elemental_shop
D:8:      layout_basic, overflow_temple_1_default,
          nicolae_qazlal_style_of_elements, uniq_erica
D:9:      layout_rooms, mainiacjoe_overflow_small_starburst
D:10:     gammafunk_corrupted_shrine, layout_gridville, david_lair_generic,
          orc_0_dummy, uniq_psyche
Lair:1:   layout_long_grid, gauntlet_entry_generic
Gauntlet: minmay_gauntlet_mixed_oops_all_seconds [minmay_gauntlet_arena_77_fan,
          nicolae_gauntlet_arena_x, minmay_gauntlet_arena_77_checkered,
          minmay_gauntlet_arena_make_your_own_arena,
          minmay_gauntlet_arena_77_p_blocks, gammafunk_gauntlet_arena_hedges,
          dreamdust_gauntlet_exit_labyrinth]

Skill      XL: |  1  2  3  4  5  6  7  8  9 10 |
---------------+-------------------------------+-----
Throwing       | 1 2 |  2.7
Polearms       | 2 |  2.4
Fighting       | 2 3 4 5 6 7 |  7.6
Maces & Flails | 2 4 5 7 9 10 | 10.3
Shields        | 1 2 3 4 5 6 7 |  7.6
Armour         | |  0.8
Dodging        | |  1.7
Spellcasting   | |  1.7
Translocations | |  2.6

Action                   |  1- 3 |  4- 6 |  7- 9 | 10-12 || total
-------------------------+-------+-------+-------+-------++-------
Melee: Spear             |    41 |       |       |       ||    41
       Whip              |    49 |    82 |   278 |    57 ||   466
       Punch             |     1 |       |       |       ||     1
Throw: Dart              |     8 |       |    28 |     5 ||    41
       Boomerang         |       |       |    17 |     4 ||    21
       Javelin           |       |       |     5 |       ||     5
Evoke: Wand              |       |       |     7 |     7 ||    14
  Use: Scroll            |       |    10 |     9 |     7 ||    26
       Potion            |       |     4 |     3 |     2 ||     9
 Stab: Sleeping          |     2 |       |       |       ||     2
Armor: Leather armour    |    18 |       |    26 |     7 ||    51
       Ring mail         |    20 |    26 |    36 |       ||    82
       Skin              |       |     6 |       |       ||     6
Dodge: Dodged            |    42 |    28 |    95 |    17 ||   182
Block: Kite shield       |     6 |    33 |   112 |    18 ||   169

Table legend: (Time is in decaauts)
 A = Elapsed time spent in this place.
 B = Non-inter-level travel time spent in this place.
 C = Inter-level travel time spent in this place.
 D = Time resting spent in this place.
 E = Time spent auto-exploring this place.
 F = Levels seen in this place.
 G = Mean time per level.
                   A        B        C        D        E       F      G
               +--------+--------+--------+--------+--------+-----+--------+
         Total |  11957 |  11448 |    509 |   1536 |   8237 |  12 |  996.4 |
       Dungeon |  11430 |  10921 |    509 |   1536 |   7844 |  10 | 1143.0 |
          Lair |     47 |     47 |      0 |      0 |      0 |   1 |   47.0 |
      Gauntlet |    478 |    478 |      0 |      0 |    392 |   1 |  478.0 |
               +--------+--------+--------+--------+--------+-----+--------+

Top non-repeatable levels by time:
     D:7: 1863 daAuts
     D:6: 1723 daAuts
     D:9: 1514 daAuts
    D:10: 1382 daAuts
     D:4: 973 daAuts
     D:3: 962 daAuts
     D:1: 871 daAuts
     D:5: 809 daAuts
     D:2: 768 daAuts
     D:8: 561 daAuts
Gauntlet: 478 daAuts
  Lair:1: 47 daAuts
